 Dungeon Crawl Stone Soup version 0.29.1 (webtiles) character file.

Game seed: 14245711098301683337

2186 qw the Cleaver (level 9, -1/56 HPs)
             Began as a Gargoyle Fighter on Sept 13, 2022.
             Was a Believer of Okawaru.
             Slain by Maggie
             ... wielding a +0 halberd
              (8 damage)
             ... on level 6 of the Dungeon.
             The game lasted 00:02:27 (6305 turns).

qw the Cleaver (Gargoyle Fighter)                   Turns: 6305, Time: 00:02:28

Health: -1/56      AC: 13    Str: 25    XL:     9   Next: 33%
Magic:  10/12      EV: 13    Int:  8    God:    Okawaru [**....]
Gold:   279        SH:  5    Dex:  9    Spells: 8/8 levels left

rFire   . . .      SeeInvis .   u - +2 war axe
rCold   . . .      Faith    .   c - +0 buckler
rNeg    + . .      Spirit   .   (no body armour)
rPois   inf        Reflect  .   p - +0 helmet
rElec   +          Harm     .   m - +0 cloak
rCorr   .          Rampage  .   (no gloves)
Will    .....                   (no boots)
Stlth   +++.......              (no amulet)
HPRegen 0.18/turn               f - +4 ring of protection
MPRegen 0.13/turn               (no ring)

@: heroic, mesmerised
A: sickness immunity, AC +6, negative energy resistance 1, electricity
resistance, torment resistance 1, petrification resistance
a: Renounce Religion, Heroism


You were on level 6 of the Dungeon.
You worshipped Okawaru.
Okawaru was pleased with you.
You visited 2 branches of the dungeon, and saw 7 of its levels.

You collected 279 gold pieces.


Innate Abilities, Weirdness & Mutations

You are immune to sickness and miasma.
Your stone body is resilient. (AC +6)
You are immune to poison.
You resist negative energy. (rN+)
You are resistant to electric shocks. (rElec)
You are resistant to unholy torment.
You are immune to petrification.


   Skills:
 - Level 6.6(11.6) Fighting
 - Level 9.0(14.0) Axes
 - Level 1.2(6.2) Throwing
 - Level 3.2(8.2) Armour
 + Level 1.0(6.0) Dodging
 - Level 4.0(9.0) Shields
 - Level 4.2 Invocations


You had 8 spell levels left.
You didn't know any spells.
Your spell library was empty.

Inventory:

Hand Weapons
 r - a +0 morningstar
 u - a +2 war axe (weapon)
Missiles
 a - a boomerang
 n - a silver boomerang (quivered)
Armour
 b - a +0 scale mail
 c - a +0 buckler (worn)
 m - a +0 cloak (worn)
 p - a +0 helmet (worn)
 w - a +0 chain mail
Jewellery
 f - a +4 ring of protection (left hand)
Scrolls
 e - 2 scrolls of identify
Potions
 d - 2 potions of might
 g - a potion of attraction
 h - a potion of degeneration {unknown}
 i - 2 potions of lignification
 j - a potion of invisibility {unknown}
 k - a potion of cancellation {unknown}
 l - a potion of berserk rage {unknown}
 o - a potion of magic {unknown}
 q - a potion of heal wounds {unknown}
 s - a potion of haste {unknown}
 t - a potion of mutation {unknown}
 v - 2 potions of curing {unknown}

Dungeon Overview and Level Annotations

Branches:
Dungeon (6/15)             Temple (1/1) D:4

Altars:
Ashenzari
Cheibriados
Dithmenos
Gozag
Hepliaklqana
Okawaru
Qazlal
Ru
Wu Jian
Xom
Yredelemnul
The Shining One

Shops:
D:5 =

Annotations:
D:6 Maggie


Message History

You continue taking off your +0 scale mail. x2
Maggie mumbles some strange words.
Maggie attempts to bespell you!
You are mesmerised by Maggie!
You continue taking off your +0 scale mail.
Maggie gestures at you while chanting. The bolt of fire misses you.
You continue taking off your +0 scale mail.
You finish taking off your +0 scale mail.
Maggie hits you but does no damage. Maggie casts a spell at you.
The bolt of fire hits you.
You barely miss Maggie. Maggie misses you.
You slash Maggie!
Maggie is lightly wounded.
Maggie mumbles some strange words.
Maggie draws you further into her thrall.
You closely miss Maggie.
Maggie is lightly wounded.
Maggie gestures wildly while chanting.
Maggie draws you further into her thrall.
You barely miss Maggie.
Maggie is lightly wounded.
Maggie hits you with a +0 halberd. Maggie casts a spell at you.
The bolt of fire hits you!!
Ouch! That really hurt!
6302 ||| INVOKING Heroism.
You gain the combat prowess of a mighty hero.
You block Maggie's attack.
You slash Maggie!
Maggie is heavily wounded.
You hit Maggie but do no damage.
Maggie is heavily wounded.
Maggie hits you with a +0 halberd!
You slice Maggie!!
Maggie is severely wounded.
Maggie hits you with a +0 halberd!
You die...

...._~~....#####.#....#########..
.~~~~~~....#####.#.#### #..
~~~~~~....!...##.#.# ###
...........%..##...# ###
########......########## #..
.#######......####...... #..
........................ #..
#........###.........# ....
#........###....@....# #.#..
#..........######@#### #.###
#..........# ¤#.#¤¤¤ #
#..........# ¤¤#.#¤¤¤¤#
#..........# ¤¤¤#.#¤¤¤¤#
############¤¤¤¤#_#¤¤¤¤#
#¤¤¤¤###¤¤¤¤# #¤¤¤¤¤8¤¤¤¤¤#


You could see Maggie (mesmerising).

Vanquished Creatures
  2 water moccasins
  Duvessa (D:5)
  A black bear (D:4)
  2 sky beasts
  An ice beast (D:6)
  An ogre (D:4)
  A centaur (D:6)
  A phantom (D:6)
  A bullfrog (D:6)
  A necrophage (D:6)
  4 scorpions
  Dowan (D:5)
  5 wights (D:6)
  A killer bee (D:4)
  3 hounds
  A jelly (D:6)
  5 iguanas
  An orc wizard (D:5)
  3 gnolls (D:4)
  8 adders
  2 shadow imps (D:5)
  A white imp (D:6)
  An ufetubus (D:4)
  2 worms
  2 dart slugs
  13 orcs
  10 endoplasms
  8 giant cockroaches
  10 goblins
  16 hobgoblins
  10 jackals
  2 quokkas
  10 ball pythons
  5 bats
  A frilled lizard (D:2)
  8 kobolds
  6 rats
151 creatures vanquished.

Notes
Turn   | Place    | Note
-------+----------+-------------------------------------------
     0 | D:1      | qw the Gargoyle Fighter began the quest for the Orb.
     0 | D:1      | Reached XP level 1. HP: 14/14 MP: 1/1
     0 | D:1      | 0 ||| qw: Version: 0.1-a-119-g272c26d
     0 | D:1      | 0 ||| qw: Game counter: 11078
     0 | D:1      | 0 ||| qw: Always use a shield: true
     0 | D:1      | 0 ||| qw: God list: Okawaru
     0 | D:1      | 0 ||| qw: Allow faded altars: false
     0 | D:1      | 0 ||| qw: Do Orc after D:15 true
     0 | D:1      | 0 ||| qw: Do second Lair branch before Depths: true
     0 | D:1      | 0 ||| qw: Lair rune preference: random
     0 | D:1      | 0 ||| qw: Plans: Normal, Zot, God:TSO, Crypt, Tomb, Pan,
                  | Slime, Hells, Zig, Abyss, Orb
     0 | D:1      | 0 ||| PLANNING D:1-11
     5 | D:1      | You fall into a shaft and drop 1 floor!
    20 | D:2      | 20 ||| Stepping ~*~*~tactically~*~*~ (stealth).
    28 | D:2      | Reached skill level 2 in Axes
   168 | D:1      | Reached XP level 2. HP: 19/19 MP: 2/2
   171 | D:1      | 171 ||| Stepping ~*~*~tactically~*~*~ (hiding).
   345 | D:1      | 345 ||| Stepping ~*~*~tactically~*~*~ (stealth).
   346 | D:1      | 346 ||| Stepping ~*~*~tactically~*~*~ (stealth).
   352 | D:1      | 352 ||| Stepping ~*~*~tactically~*~*~ (stealth).
   413 | D:1      | 413 ||| Stepping ~*~*~tactically~*~*~ (stealth).
   414 | D:1      | 414 ||| Stepping ~*~*~tactically~*~*~ (stealth).
   422 | D:1      | 422 ||| Stepping ~*~*~tactically~*~*~ (stealth).
   660 | D:1      | Reached skill level 3 in Axes
   785 | D:1      | Reached XP level 3. HP: 23/23 MP: 3/3
  1318 | D:1      | Found a faded altar of an unknown god.
  1324 | D:1      | 1324 ||| READING scroll labelled XIPACH UREU.
  1325 | D:1      | 1325 ||| READING scroll labelled PIATSU XUJETYT.
  1326 | D:1      | 1326 ||| READING scroll labelled WIFFYI HUIRR.
  1392 | D:2      | 1392 ||| DROPPING +0 club.
  1474 | D:2      | 1474 ||| Stepping ~*~*~tactically~*~*~ (stealth).
  1529 | D:2      | 1529 ||| Stepping ~*~*~tactically~*~*~ (stealth).
  1532 | D:2      | 1532 ||| Stepping ~*~*~tactically~*~*~ (stealth).
  1556 | D:2      | 1556 ||| DROPPING +0 whip.
  1650 | D:2      | 1650 ||| Stepping ~*~*~tactically~*~*~ (stealth).
  1653 | D:2      | 1653 ||| Stepping ~*~*~tactically~*~*~ (stealth).
  1654 | D:2      | 1654 ||| Stepping ~*~*~tactically~*~*~ (stealth).
  1655 | D:2      | 1655 ||| Stepping ~*~*~tactically~*~*~ (stealth).
  1700 | D:2      | Identified the +2 sling of Pygrot {venom, rC+ Str+5}
  1740 | D:2      | Reached XP level 4. HP: 28/28 MP: 4/4
  2004 | D:2      | 2004 ||| UPGRADING to +4 ring of protection.
  2005 | D:2      | 2005 ||| READING 2 scrolls labelled SUTWETAGI.
  2006 | D:2      | 2006 ||| READING scroll labelled XOYTHA JOIR.
  2058 | D:3      | 2058 ||| Stepping ~*~*~tactically~*~*~ (stealth).
  2064 | D:3      | Reached skill level 4 in Axes
  2366 | D:3      | 2366 ||| UPGRADING to +0 cloak.
  2371 | D:3      | 2371 ||| UPGRADING to +0 helmet.
  2376 | D:3      | 2376 ||| READING scroll labelled VAOTOI DYVURCH.
  2377 | D:3      | 2377 ||| READING scroll labelled XUSTEO QIHU.
  2378 | D:3      | 2378 ||| READING scroll labelled WIJ RALIAFURI.
  2379 | D:3      | 2379 ||| DRINKING 2 lumpy green potions.
  2380 | D:3      | 2380 ||| DROPPING potion of flight.
  2463 | D:4      | 2463 ||| Stepping ~*~*~tactically~*~*~ (hiding).
  2464 | D:4      | 2464 ||| Stepping ~*~*~tactically~*~*~ (hiding).
  2472 | D:4      | Reached XP level 5. HP: 26/32 MP: 5/5
  2505 | D:4      | 2505 ||| FLEEEEING.
  2506 | D:4      | 2506 ||| FLEEEEING.
  2507 | D:4      | 2507 ||| FLEEEEING.
  2509 | D:4      | 2509 ||| FLEEEEING.
  2696 | D:4      | 2696 ||| Stepping ~*~*~tactically~*~*~ (stealth).
  2698 | D:4      | 2698 ||| Stepping ~*~*~tactically~*~*~ (stealth).
  2716 | D:4      | Reached skill level 5 in Axes
  2753 | D:4      | 2753 ||| Stepping ~*~*~tactically~*~*~ (stealth).
  2791 | D:4      | 2791 ||| DROPPING +0 whip of freezing.
  2810 | D:4      | 2810 ||| Stepping ~*~*~tactically~*~*~ (stealth).
  2901 | D:4      | Reached XP level 6. HP: 38/38 MP: 6/6
  3097 | D:4      | Found a staircase to the Ecumenical Temple.
  3098 | D:4      | 3098 ||| PLANNING TEMPLE
  3098 | D:4      | 3098 ||| READING scroll labelled SUIJIKHL FAUVA.
  3099 | D:4      | 3099 ||| READING 2 scrolls of identify.
  3099 | D:4      | 3099 ||| IDENTIFYING sedimented pink potion
  3100 | D:4      | 3100 ||| DROPPING potion of ambrosia.
  3107 | Temple   | Entered the Ecumenical Temple
  3119 | Temple   | 3119 ||| PLANNING D:1-11
  3121 | Temple   | Became a worshipper of Warmaster Okawaru
  3218 | D:4      | Reached skill level 1 in Dodging
  3472 | D:4      | Noticed a black bear
  3472 | D:4      | Noticed a sky beast
  3498 | D:4      | Reached skill level 6 in Axes
  3507 | D:4      | Killed a black bear
  3507 | D:4      | Reached * piety under Okawaru
  3508 | D:4      | Reached XP level 7. HP: 19/43 MP: 7/7
  3508 | D:4      | 3508 ||| INVOKING Heroism.
  3510 | D:4      | 3510 ||| FLEEEEING.
  3513 | D:4      | 3513 ||| FLEEEEING.
  3514 | D:4      | 3514 ||| FLEEEEING.
  3515 | D:4      | 3515 ||| FLEEEEING.
  3516 | D:4      | 3516 ||| FLEEEEING.
  3519 | D:4      | 3519 ||| INVOKING Heroism.
  3740 | D:4      | 3740 ||| Stepping ~*~*~tactically~*~*~ (stealth).
  3742 | D:4      | 3742 ||| Stepping ~*~*~tactically~*~*~ (stealth).
  3750 | D:4      | Reached skill level 7 in Axes
  3750 | D:4      | Reached skill level 1 in Invocations
  4065 | D:4      | 4065 ||| READING scroll labelled OTHAOL VIYBBU.
  4066 | D:4      | 4066 ||| READING 2 scrolls of identify.
  4066 | D:4      | 4066 ||| IDENTIFYING emerald potion
  4099 | D:5      | Entered Level 5 of the Dungeon
  4128 | D:5      | Noticed Dowan
  4129 | D:5      | 4129 ||| Stepping ~*~*~tactically~*~*~ (hiding).
  4130 | D:5      | 4130 ||| Stepping ~*~*~tactically~*~*~ (hiding).
  4134 | D:5      | 4134 ||| INVOKING Heroism.
  4144 | D:5      | Killed Dowan
  4177 | D:5      | 4177 ||| Stepping ~*~*~tactically~*~*~ (stealth).
  4180 | D:5      | 4180 ||| Stepping ~*~*~tactically~*~*~ (stealth).
  4214 | D:5      | 4214 ||| INVOKING Heroism.
  4245 | D:5      | 4245 ||| DROPPING +0 flail.
  4248 | D:5      | 4248 ||| Stepping ~*~*~tactically~*~*~ (hiding).
  4250 | D:5      | 4250 ||| Stepping ~*~*~tactically~*~*~ (hiding).
  4251 | D:5      | 4251 ||| Stepping ~*~*~tactically~*~*~ (hiding).
  4393 | D:5      | Reached skill level 1 in Throwing
  4393 | D:5      | Reached XP level 8. HP: 48/48 MP: 8/10
  4542 | D:5      | Noticed Duvessa
  4543 | D:5      | 4543 ||| INVOKING Heroism.
  4558 | D:5      | Killed Duvessa
  4559 | D:5      | Reached skill level 3 in Invocations
  4676 | D:5      | 4676 ||| Stepping ~*~*~tactically~*~*~ (stealth).
  4678 | D:5      | 4678 ||| Stepping ~*~*~tactically~*~*~ (stealth).
  4685 | D:5      | 4685 ||| Stepping ~*~*~tactically~*~*~ (stealth).
  4695 | D:5      | 4695 ||| Stepping ~*~*~tactically~*~*~ (stealth).
  4871 | D:5      | 4871 ||| Stepping ~*~*~tactically~*~*~ (hiding).
  5142 | D:5      | Found Inuedd's Jewellery Shop.
  5145 | D:5      | 5145 ||| SHOPLISTING +4 ring of evasion (396 gold, have
                  | 212).
  5145 | D:5      | 5145 ||| SHOPLISTING +4 ring of protection (396 gold, have
                  | 212).
  5145 | D:5      | 5145 ||| SHOPLISTING ring of fire (275 gold, have 212).
  5145 | D:5      | 5145 ||| SHOPLISTING ring of positive energy (220 gold,
                  | have 212).
  5240 | D:5      | 5240 ||| DRINKING 2 smoky golden potions.
  5285 | D:5      | 5285 ||| DRINKING 2 gluggy blue potions.
  5286 | D:5      | 5286 ||| DROPPING potion of brilliance.
  5385 | D:6      | 5385 ||| FLEEEEING.
  5386 | D:6      | 5386 ||| FLEEEEING.
  5413 | D:6      | Found an ornate altar of the Wu Jian Council.
  5414 | D:6      | Found a snail-covered altar of Cheibriados.
  5465 | D:6      | 5465 ||| INVOKING Heroism.
  5469 | D:6      | Reached skill level 8 in Axes
  5648 | D:6      | 5648 ||| SWAPPING to +2 war axe.
  5649 | D:6      | 5649 ||| DROPPING +1 war axe.
  5651 | D:6      | 5651 ||| Stepping ~*~*~tactically~*~*~ (hiding).
  5652 | D:6      | 5652 ||| Stepping ~*~*~tactically~*~*~ (hiding).
  5653 | D:6      | 5653 ||| Stepping ~*~*~tactically~*~*~ (hiding).
  5654 | D:6      | 5654 ||| Stepping ~*~*~tactically~*~*~ (hiding).
  5774 | D:6      | Reached ** piety under Okawaru
  5851 | D:6      | Reached skill level 6 in Fighting
  5892 | D:6      | 5892 ||| INVOKING Heroism.
  5897 | D:6      | Reached XP level 9. HP: 53/55 MP: 9/12
  5901 | D:6      | 5901 ||| Stepping ~*~*~tactically~*~*~ (stealth).
  5904 | D:6      | 5904 ||| Stepping ~*~*~tactically~*~*~ (stealth).
  5907 | D:6      | 5907 ||| Stepping ~*~*~tactically~*~*~ (stealth).
  5912 | D:6      | 5912 ||| Stepping ~*~*~tactically~*~*~ (stealth).
  5918 | D:6      | 5918 ||| Stepping ~*~*~tactically~*~*~ (stealth).
  5953 | D:6      | Reached skill level 9 in Axes
  6194 | D:6      | Found a glowing golden altar of the Shining One.
  6290 | D:6      | Found a stormy altar of Qazlal.
  6290 | D:6      | Noticed Maggie
  6291 | D:6      | 6291 ||| UPGRADING to +0 chain mail.
  6302 | D:6      | 6302 ||| INVOKING Heroism.
  6304 | D:6      | HP: 7/56 [Maggie/+0 halberd (12)]
  6305 | D:6      | Slain by Maggie

Levels and vault maps discovered:
D:1:      heliophobic_arrival_ceremonial_halls, layout_basic,
          dreamdust_ecumenical_altar_hidden_monk_grotto
D:2:      layout_basic
D:3:      layout_basic
D:4:      wander_river, layout_basic, minmay_temple_entry_overgrown,
          hangedman_decor_lopped, minmay_misc_feat_tiny, minmay_divided_ellipse
D:5:      layout_loops_cross, serial_shops, kennysheep_mini_moat,
          serial_bayou_pond_e, small_statue_intersection, uniq_duvessa
D:6:      layout_basic, mainiacjoe_overflow_alcove_2,
          nicolae_qazlal_eye_of_the_storm, mainiacjoe_overflow_tiny_flanked,
          mainiacjoe_overflow_catwalk, cheibriados_altar_1,
          minmay_increasing_density, uniq_pikel, uniq_maggie
Temple:   hellmonk_temple_rainy

Skill      XL: |  1  2  3  4  5  6  7  8  9 |
---------------+----------------------------+-----
Axes           | 2 3 4 5 6 7 8 9 |  9.0
Fighting       | 4 6 |  6.6
Dodging        | 1 |  1.0
Invocations    | 2 4 |  4.2
Throwing       | 1 |  1.2
Shields        | 4 |  4.0
Armour         | |  3.2

Action                   |  1- 3 |  4- 6 |  7- 9 || total
-------------------------+-------+-------+-------++-------
Melee: War axe           |   110 |   180 |   184 ||   474
Throw: Boomerang         |       |    11 |    46 ||    57
Invok: Heroism           |       |       |     8 ||     8
  Use: Scroll            |     3 |     7 |     2 ||    12
       Potion            |       |     1 |     2 ||     3
Armor: Scale mail        |    42 |   137 |    82 ||   261
       Skin              |       |       |     1 ||     1
Dodge: Dodged            |    45 |    85 |    61 ||   191
Block: Buckler           |    14 |    36 |    24 ||    74

Table legend:
 A = Non-vault XP
 B = Vault XP
 C = Vault XP percentage of total XP
 D = Non-vault monster count
 E = Vault monster count
 F = Vault count percentage of total count
                 A         B        C        D         E       F
            +---------+---------+-------+---------+---------+-------
      Total |    2225 |     898 |  28.8 |     132 |      19 |  12.6
            +---------+---------+-------+---------+---------+-------
        D:1 |      40 |       0 |   0.0 |      23 |       0 |   0.0
        D:2 |      44 |       0 |   0.0 |      24 |       0 |   0.0
        D:3 |      61 |       0 |   0.0 |      22 |       0 |   0.0
        D:4 |     375 |     526 |  58.4 |      29 |      13 |  31.0
        D:5 |     416 |     217 |  34.3 |      14 |       2 |  12.5
        D:6 |    1289 |     155 |  10.7 |      20 |       4 |  16.7
            +---------+---------+-------+---------+---------+-------
